 Dungeon Crawl Stone Soup version 0.30-a0-34-gbe8da3892a (webtiles) character file.

Game seed: 8323378120379514034

51 ytrimaz the Insei (level 3, -3/23 HPs)
             Began as an Octopode Transmuter on Aug 28, 2022.
             Slain by a gnoll
             ... wielding a +0 spear
              (7 damage)
             ... on level 2 of the Dungeon.
             The game lasted 00:01:47 (1648 turns).

ytrimaz the Insei (Octopode Transmuter)             Turns: 1648, Time: 00:01:48

Health: -3/23      AC:  2    Str:  9    XL:     3   Next: 81%
Magic:  4/6        EV: 23    Int: 17    God:
Gold:   78         SH:  0    Dex: 17    Spells: 0/6 levels left

rFire   . . .      SeeInvis .      - Unarmed
rCold   . . .      Faith    .    (shield currently unavailable)
rNeg    . . .      Spirit   .    (helmet currently unavailable)
rPois   x          Reflect  .    (no amulet)
rElec   .          Harm     .    d - +4 ring of evasion
rCorr   .          Rampage  .    (no ring)
Will    .....                    (no ring)
Stlth   ++........               (no ring)
HPRegen 0.07/turn                (no ring)
MPRegen 0.10/turn                (no ring)
                                 (no ring)
                                 (no ring)

@: spider-form (expiring)
A: venomous fangs, almost no armour, (amphibious), 8 rings, tiny, (camouflage
1), (gelatinous body 1), (nimble swimmer 1), (tentacles)
a: End Transformation


You were on level 2 of the Dungeon.
You were a venomous arachnid creature.
You visited 1 branch of the dungeon, and saw 2 of its levels.

You collected 78 gold pieces.

Inventory:

Jewellery
 d - a +4 ring of evasion (left front leg)
Scrolls
 e - a scroll of butterflies
Potions
 a - a potion of lignification
 b - a potion of curing {unknown}
 c - 2 potions of might {unknown}
 g - a potion of ambrosia
 k - a potion of berserk rage {unknown}
 l - a potion of flight {unknown}


   Skills:
 - Level 1.0 Fighting
 - Level 2.0 Dodging
 - Level 4.2 Unarmed Combat
 + Level 2.1 Spellcasting
 + Level 2.1 Transmutations
 * Level 1.2 Poison Magic


You couldn't memorise any spells.
You knew the following spells:

 Your Spells              Type           Power      Damage    Failure   Level
a - Beastly Appendage     Tmut           18%        N/A       21%         1
b - Wereblood             Tmut           9%         N/A       28%         2
c - Spider Form           Tmut/Pois      7%         N/A       50%         3

Your spell library contained the following spells:

 Spells                   Type           Power      Damage    Failure   Level
 Ice Form                 Ice/Tmut       5%         N/A       90%         4


Dungeon Overview and Level Annotations

Branches:
Dungeon (2/15)

Altars:


Innate Abilities, Weirdness & Mutations

You are a venomous arachnid creature.
You have poisonous fangs.
You are tiny and dextrous.
Your spellcasting is less reliable in this form.
Your armour is entirely melded.
You are incapable of wielding weapons or throwing items.
You cannot wear most types of armour.
((You are amphibious.))
You can wear up to eight rings at the same time.
((Your skin changes colour to match your surroundings (Stealth+).))
((Your rubbery body absorbs attacks. (AC +1, EV +1)))
((You are camouflaged when in or above water. (Stealth+)))
((You have tentacles for arms and can constrict up to eight enemies at once.))


Message History

You barely miss the gnoll. The gnoll misses you.
A gnoll comes into view. It is wielding a +0 spear.
The gnoll hits you with a +0 club.
You hit the gnoll.
The gnoll is poisoned.
The gnoll is lightly wounded.
The gnoll closely misses you. The gnoll completely misses you.
You hit the gnoll.
The gnoll looks as sick as possible!
The gnoll is moderately wounded.
You hit the gnoll.
The gnoll looks as sick as possible!
The gnoll is severely wounded.
Your transformation is almost over.
You kill the gnoll!
The gnoll barely misses you.
Your Poison Magic skill increases to level 1!
Unknown command.
The gnoll completely misses you.
The gnoll hits you from afar with a +0 spear.
The gnoll completely misses you.
Things that are here:
a +0 club; a gnoll corpse You bite the gnoll!
The gnoll is heavily wounded.
The gnoll closely misses you. The gnoll completely misses you. x2
You hit the gnoll.
The gnoll is almost dead.
The gnoll completely misses you. The gnoll barely misses you. x2
You hit the gnoll but do no damage.
The gnoll is almost dead.
The gnoll misses you. The gnoll completely misses you.
The gnoll hits you from afar with a +0 spear.
You hit the gnoll but do no damage.
The gnoll is poisoned.
The gnoll is almost dead.
The gnoll misses you. The gnoll barely misses you.
The gnoll hits you from afar with a +0 spear!
* * * LOW HITPOINT WARNING * * *
Unknown command.
You hit the gnoll.
You kill the gnoll!
The gnoll hits you from afar with a +0 spear!
You die... ..###.## )## ....... .. #.....## ##.. ...... ... .$..# #.. .gg

#.# #)# #†# #s# #.#
#.# #.# #.# #.######.#
...###.#####.##.....#
#...$<...[.....#######
####............<.....
#..#####.#.###†.###
#..# #.#.# #..# #..#
#)#.# #..#


You could see 2 gnolls.

Vanquished Creatures
  2 gnolls (D:2)
  An adder (D:2)
  A worm (D:2)
  3 ball pythons (D:1)
  2 endoplasms (D:1)
  2 giant cockroaches (D:1)
  2 goblins (D:1)
  3 hobgoblins (D:1)
  3 jackals (D:1)
  3 quokkas (D:1)
  A bat (D:1)
  A frilled lizard (D:1)
  5 rats (D:1)
29 creatures vanquished.

Notes
Turn   | Place    | Note
-------+----------+-------------------------------------------
     0 | D:1      | ytrimaz the Octopode Transmuter began the quest for the
                  | Orb.
     0 | D:1      | Reached XP level 1. HP: 13/13 MP: 3/3
   269 | D:1      | Reached XP level 2. HP: 10/18 MP: 3/5
   797 | D:1      | Reached skill level 4 in Unarmed Combat
  1137 | D:1      | Reached XP level 3. HP: 5/23 MP: 4/6
  1433 | D:1      | Learned a level 2 spell: Wereblood
  1437 | D:1      | Learned a level 3 spell: Spider Form
  1643 | D:2      | Reached skill level 1 in Poison Magic
  1648 | D:2      | Slain by a gnoll

Illustrated notes

Levels and vault maps discovered:
D:1:      lightli_arrival_noodles, layout_loops_corners, minmay_tiny_reverse_x
D:2:      layout_loops_ring, serial_glass, glass_columns_a, glass_columns_a,
          minmay_strange_pillars, item_on_display_a, feat_on_display,
          ebering_ecumenical_altar_sacrificial, minivault_26

Skill      XL: |  1  2  3 |
---------------+----------+-----
Unarmed Combat | 4 |  4.2
Poison Magic   | 1 |  1.2
Fighting       | |  1.0
Dodging        | |  2.0
Spellcasting   | |  2.1
Transmutations | |  2.1

Action                   || total
-------------------------++-------
Melee: Unarmed           ||    69
       Constrict         ||    16
       Tentacles         ||     7
       Kick              ||    15
       Punch             ||     2
 Cast: Beastly Appendage ||    18
       Spider Form       ||     1
  Use: Scroll            ||     5
 Stab: Sleeping          ||     2
Armor: Skin              ||     5
Dodge: Dodged            ||    61

Table legend: (Time is in decaauts)
 A = Elapsed time spent in this place.
 B = Non-inter-level travel time spent in this place.
 C = Inter-level travel time spent in this place.
 D = Time resting spent in this place.
 E = Time spent auto-exploring this place.
 F = Levels seen in this place.
 G = Mean time per level.
                   A        B        C        D        E       F      G
               +--------+--------+--------+--------+--------+-----+--------+
         Total |   1641 |   1581 |     60 |      0 |   1371 |   2 |  820.5 |
       Dungeon |   1641 |   1581 |     60 |      0 |   1371 |   2 |  820.5 |
               +--------+--------+--------+--------+--------+-----+--------+

Top non-repeatable levels by time:
     D:1: 1488 daAuts
     D:2: 153 daAuts
